Map: Ultralove

Players

KimChiLoVer - Winner!

  • Race: Terran Terran
  • League: Diamond
  • Spawn Location: 7:00

A.I. 1 (Elite)

  • Race: Zerg Zerg
  • Spawn Location: 1:00

VOD

Have the link to the VOD?

Description

Time

  • Played on: Sept. 1, 2025, 3:37 p.m.
  • Length: 13:42
Show
View Real Time Build Order
Export as new Build Order

KimChiLoVer Terran - Winner!

Build Orders: Reaper Expand, Hellion Banshee, Mech 

Get SALT Encoding   

  12  0:00  SCV  
  13  0:12  SCV  
  14  0:17  Supply Depot  
  14  0:24  SCV  
  15  0:38  SCV  
  15  0:39  Barracks  
  16  0:43  Refinery  
  16  0:50  SCV  
  17  1:02  SCV  
  18  1:15  SCV  
  19  1:27  Orbital Command  
  19  1:29  Reaper  
  20  1:40  Command Center  
  20  1:50  Supply Depot  
  20  1:53  SCV  
  21  2:01  Marine  
  22  2:05  SCV  
  23  2:15  Factory  
  23  2:17  SCV  
  24  2:27  Barracks Reactor  
  24  2:29  SCV  
  25  2:39  Command Center  
  25  2:43  SCV  
  26  2:54  Orbital Command  
  26  3:01  SCV  
  27  3:07  Starport  
  27  3:15  SCV  
  27  3:16  Barracks Tech Lab, Refinery  
  27  3:18  Hellion  
  30  3:22  Hellion  
  32  3:27  SCV  
  33  3:35  SCV  
  33  3:39  SCV  
  35  3:47  SCV  
  36  3:48  Refinery  
  36  3:49  Hellion  
  36  3:50  Hellion  
  36  3:51  Banshee  
  36  3:52  Orbital Command  
  43  3:57  SCV  
  43  3:59  SCV  
  43  4:02  Marine  
  46  4:09  SCV  
  47  4:11  SCV  
  47  4:12  Hellion, Refinery  
  50  4:17  Supply Depot  
  50  4:18  Supply Depot  
  50  4:23  SCV  
  50  4:24  SCV  
  52  4:26  Orbital Command  
  52  4:32  Factory  
  52  4:34  Factory  
  52  4:35  SCV  
  52  4:36  SCV  
  54  4:39  Banshee  
  54  4:44  Cloaking Field  
  57  4:47  SCV  
  58  4:53  Hellion x2  
  58  4:59  SCV  
  63  5:01  SCV x2  
  65  5:08  Barracks Tech Lab  
  65  5:12  SCV  
  65  5:13  SCV, Supply Depot  
  67  5:14  Supply Depot  
  67  5:21  Hellion  
  69  5:22  Factory Tech Lab  
  69  5:25  SCV  
  69  5:26  Armory, SCV  
  69  5:27  Armory, SCV  
  72  5:32  Refinery  
  72  5:34  Refinery  
  72  5:37  SCV  
  72  5:42  Supply Depot  
  73  5:44  SCV, Supply Depot  
  73  5:49  SCV, Banshee  
  78  5:55  Supply Depot  
  78  5:58  Supply Depot  
  78  5:59  SCV x2  
  78  6:01  SCV  
  81  6:05  Siege Tank  
  81  6:06  Siege Tank  
  81  6:08  Hellion x2  
  92  6:11  SCV x2  
  92  6:14  SCV  
  92  6:17  Terran Vehicle Weapons Level 1  
  92  6:18  Terran Vehicle And Ship Armor Level 1  
  94  6:24  Supply Depot  
  94  6:25  Supply Depot  
  94  6:26  SCV  
  94  6:32  Infernal Pre-Igniter, Banshee  
  98  6:33  Smart Servos  
  98  6:38  SCV  
  99  6:40  Factory  
  99  6:41  Factory, SCV  
  99  6:42  SCV  
  101  6:50  SCV  
  101  6:53  SCV  
  101  6:54  SCV, Hyperflight Rotors  
  104  6:57  Siege Tank  
  104  6:59  Thor  
  113  7:02  SCV  
  113  7:06  SCV x2  
  116  7:24  Hellion x2  
  116  7:25  Factory Tech Lab x2  
  116  7:29  Thor  
  126  7:30  Supply Depot  
  126  7:31  Supply Depot  
  126  7:38  Factory x2, SCV  
  126  7:41  Factory  
  127  7:44  Command Center  
  127  7:49  Banshee  
  127  7:50  SCV  
  131  7:54  Drilling Claws  
  131  8:14  Supply Depot x2  
  131  8:16  Supply Depot  
  131  8:23  Factory Reactor, Factory Tech Lab  
  131  8:25  Factory Tech Lab  
  131  8:26  Siege Tank x3  
  140  8:27  Widow Mine x2  
  140  8:28  Widow Mine  
  140  8:31  Supply Depot  
  140  8:32  Raven  
  140  8:33  Engineering Bay  
  148  8:41  Hellion  
  150  8:48  Thor  
  150  8:49  Hellion x2  
  150  8:51  Siege Tank  
  163  8:58  Widow Mine  
  163  8:59  Widow Mine x2  
  169  9:05  Siege Tank  
  169  9:06  Hellion x2  
  176  9:10  Hellion x2  
  180  9:20  Hellion x2  
  184  9:45  Siege Tank x3  
  190  9:46  Hellion x2, Siege Tank  
  190  9:52  Missile Turret  
  200  9:57  Sensor Tower  
  200  9:59  Missile Turret  
  200  10:11  Command Center  
  170  10:29  Refinery  
  146  10:40  Banshee  
  149  10:49  Siege Tank x5  
  164  10:50  Hellion x4  
  164  10:51  Hellion  
  164  10:54  Planetary Fortress  
  174  10:59  Command Center  
  174  11:02  Command Center  
  162  11:11  Hellion  
  162  11:12  Hellion x4  
  172  11:21  Thor x2, Hellion  
  172  11:23  Banshee  
  179  11:34  Refinery  
  175  11:47  Missile Turret  
  175  11:48  Orbital Command  
  175  11:49  Missile Turret  
  166  12:06  Raven  
  163  12:24  Hellion x4  
  163  12:25  Hellion x2, Widow Mine x3, Siege Tank  
  177  12:40  Banshee  
  175  12:46  Siege Tank x5  
  190  12:57  Thor  
Show
View Real Time Build Order
Export as new Build Order

A.I. 1 (Elite) Zerg 

Build Orders: Pool First 

Get SALT Encoding   

  12  0:00  Drone  
  13  0:12  Overlord  
  13  0:16  Drone  
  14  0:30  Drone x2  
  16  0:43  Spawning Pool  
  16  0:45  Drone  
  16  0:49  Drone  
  17  1:12  Hatchery  
  17  1:13  Drone  
  17  1:15  Extractor  
  17  1:18  Drone  
  17  1:22  Drone  
  18  1:28  Drone  
  19  1:38  Overlord  
  19  1:49  Drone  
  19  1:50  Queen  
  22  2:00  Zergling x2  
  23  2:10  Drone  
  24  2:20  Extractor  
  24  2:21  Drone  
  24  2:24  Drone  
  24  2:26  Queen  
  26  2:32  Drone  
  26  2:35  Drone  
  28  2:43  Drone  
  29  2:47  Roach Warren  
  29  2:50  Drone  
  29  2:54  Drone  
  29  2:58  Drone  
  30  3:04  Zergling x2  
  31  3:06  Zergling x2  
  31  3:11  Overlord  
  32  3:14  Drone  
  32  3:17  Drone  
  34  3:28  Roach  
  34  3:29  Roach x2  
  34  3:34  Roach  
  42  3:40  Lair  
  42  3:45  Overlord  
  42  3:50  Overlord  
  42  3:53  Zergling x2  
  42  3:55  Zergling x2  
  44  4:03  Drone x2, Zergling x2  
  44  4:05  Drone  
  44  4:08  Drone  
  50  4:10  Drone  
  50  4:15  Overlord  
  50  4:18  Roach  
  50  4:23  Roach  
  54  4:26  Roach  
  54  4:28  Roach  
  58  4:32  Overlord  
  58  4:38  Drone  
  59  4:41  Drone  
  59  4:42  Hydralisk Den  
  59  4:43  Drone  
  60  4:46  Roach  
  60  4:49  Roach  
  60  4:52  Overlord  
  64  5:02  Drone  
  64  5:05  Drone  
  67  5:07  Drone  
  67  5:09  Drone  
  67  5:10  Drone  
  67  5:11  Hydralisk x2  
  67  5:12  Drone  
  74  5:14  Drone  
  74  5:17  Overlord  
  74  5:19  Drone  
  76  5:22  Drone  
  76  5:25  Drone  
  78  5:29  Drone  
  79  5:35  Drone  
  79  5:37  Overlord, Infestation Pit  
  79  5:39  Drone  
  79  5:41  Drone  
  81  5:48  Metabolic Boost  
  81  5:51  Evolution Chamber  
  81  5:52  Drone  
  81  5:59  Hatchery  
  81  6:03  Drone  
  81  6:12  Evolution Chamber  
  81  6:13  Infestor, Drone  
  81  6:16  Evolution Chamber  
  81  6:17  Zerg Ground Armor Level 1, Drone  
  83  6:24  Extractor  
  82  6:26  Extractor  
  82  6:27  Drone  
  82  6:37  Infestor, Zerg Melee Weapons Level 1  
  84  6:42  Zerg Missile Weapons Level 1  
  84  6:45  Spine Crawler  
  84  6:47  Spine Crawler, Drone x4  
  84  6:49  Overlord, Drone x3  
  84  6:51  Ravager  
  92  6:54  Roach  
  92  7:05  Hydralisk  
  90  7:10  Zergling x2  
  90  7:12  Drone x2  
  90  7:13  Drone x6  
  90  7:14  Overlord, Drone  
  90  7:15  Roach, Ravager, Drone  
  103  7:16  Drone  
  103  7:20  Extractor  
  103  7:22  Drone, Overseer  
  104  7:24  Drone  
  104  7:27  Drone  
  106  7:32  Drone  
  106  7:34  Drone  
  108  7:37  Overlord  
  108  7:42  Hydralisk  
  108  7:43  Glial Reconstitution, Drone x3  
  113  7:46  Infestor  
  113  7:47  Roach, Drone x2  
  113  7:49  Drone  
  120  7:55  Infestor  
  120  7:56  Extractor  
  120  7:57  Overlord  
  121  8:00  Drone  
  121  8:05  Roach, Spore Crawler  
  123  8:08  Drone  
  123  8:10  Roach  
  123  8:11  Spore Crawler  
  125  8:14  Drone  
  125  8:15  Overlord  
  125  8:19  Drone x3  
  129  8:23  Queen  
  131  8:34  Overlord  
  131  8:35  Zerg Ground Armor Level 2, Spine Crawler, Drone  
  131  8:39  Zerg Missile Weapons Level 2  
  131  8:48  Hydralisk  
  131  8:52  Hydralisk  
  135  9:00  Queen  
  135  9:01  Overlord  
  137  9:05  Hatchery  
  137  9:08  Roach  
  137  9:10  Drone  
  137  9:11  Roach, Drone  
  137  9:13  Drone  
  137  9:16  Drone  
  139  9:21  Spine Crawler, Drone x2  
  139  9:23  Spine Crawler  
  139  9:24  Drone  
  139  9:25  Spine Crawler, Drone  
  139  9:32  Pneumatized Carapace  
  139  9:34  Lurker Den  
  139  9:35  Infestation Pit  
  139  9:37  Ravager  
  137  9:39  Extractor, Drone  
  137  9:42  Ravager  
  137  9:45  Roach  
  140  9:47  Roach, Overlord  
  142  9:59  Spine Crawler  
  141  10:01  Spore Crawler  
  141  10:02  Drone x3  
  141  10:03  Spine Crawler, Drone  
  141  10:04  Drone  
  141  10:05  Spore Crawler  
  141  10:06  Drone, Overseer  
  141  10:07  Spore Crawler  
  143  10:10  Spore Crawler, Overseer  
  143  10:11  Drone  
  143  10:12  Neural Parasite  
  143  10:17  Drone x3  
  143  10:18  Drone  
  147  10:22  Zergling x4  
  147  10:23  Overlord, Zergling x8  
  147  10:24  Zergling x4  
  147  10:25  Zergling x4  
  138  10:34  Roach  
  108  10:35  Hydralisk  
  108  10:36  Roach  
  108  10:38  Extractor, Hatchery  
  108  10:39  Hive  
  108  10:41  Roach  
  103  10:43  Roach  
  103  10:44  Hydralisk  
  103  10:46  Drone  
  103  10:47  Drone  
  103  10:48  Infestor  
  111  10:51  Roach  
  111  10:52  Roach  
  111  10:54  Roach  
  111  10:55  Roach  
  111  10:57  Infestor  
  119  11:06  Zergling x2  
  119  11:07  Zergling x4  
  119  11:08  Zergling x2  
  108  11:11  Zergling x2  
  108  11:12  Zergling x2  
  108  11:13  Zergling x2  
  108  11:15  Roach, Zergling x2  
  113  11:18  Roach  
  113  11:22  Zergling x2  
  113  11:23  Zergling x2  
  113  11:24  Ravager  
  116  11:32  Overlord  
  113  11:34  Drone  
  113  11:36  Drone  
  113  11:37  Drone, Overseer  
  113  11:39  Drone  
  116  11:41  Drone  
  116  11:44  Roach, Drone  
  116  11:45  Roach  
  109  11:47  Zergling x2  
  109  11:50  Roach  
  109  11:52  Roach  
  109  11:53  Zergling x2  
  100  11:54  Ultralisk Cavern  
  100  11:56  Hydralisk x2  
  100  11:57  Drone x2  
  100  12:00  Infestor  
  100  12:01  Roach, Drone  
  98  12:08  Drone  
  98  12:10  Drone  
  98  12:11  Drone  
  98  12:13  Drone, Overseer  
  96  12:16  Drone  
  96  12:19  Drone  
  96  12:20  Drone  
  96  12:22  Hydralisk  
  96  12:28  Roach, Zergling x2  
  86  12:32  Hydralisk, Roach, Drone  
  86  12:33  Drone  
  86  12:36  Drone  
  67  12:40  Drone  
  67  12:43  Zergling x2  
  64  12:47  Roach  
  64  12:50  Overseer  
  54  12:54  Zergling x2  
  54  12:58  Hydralisk  
  46  12:59  Roach  
  46  13:02  Roach  
  41  13:08  Spawning Pool  
Tags
 
Add a new tag
Caveats
  • Supply blocks, unpowered buildings, or Contaminate may cause inaccurate times.
  • Supply counts are checked every 10 seconds.